 Dungeon Crawl Stone Soup version 0.19.5 (webtiles) character file.

33 Kahsius the Insei (level 3, -3/28 HPs)
             Began as a Demigod Transmuter on Mar 2, 2017.
             Slain by an adder (4 damage)
             ... on level 2 of the Dungeon on Mar 6, 2017.
             The game lasted 00:07:32 (1091 turns).

Kahsius the Insei (Demigod Transmuter)              Turns: 1091, Time: 00:07:33

Health: -3/28      AC:  0    Str: 13    XL:     3   Next: 0%
Magic:  8/8        EV: 13    Int: 19    God:
Gold:   95         SH:  0    Dex: 16    Spells: 1 memorised, 5 levels left

rFire  . . .     SeeInvis .       - Unarmed
rCold  . . .     Gourm    .     (no armour)
rNeg   . . .     Faith    .     (no shield)
rPois  .         Spirit   .     (no helmet)
rElec  .         Reflect  .     (no cloak)
rCorr  .         Harm     .     (no gloves)
MR     .....                    (no boots)
Stlth  +.........               (no amulet)
                                (no ring)
                                (no ring)

@: lethally poisoned (-3 -> -13)
A: high mp 1
a: no special abilities


You were on level 2 of the Dungeon.
You were hungry.

You visited 1 branch of the dungeon, and saw 2 of its levels.

You collected 95 gold pieces.

Inventory:

Missiles
 a - 12 arrows
Armour
 b - a +0 robe
Jewellery
 j - an uncursed ring of fire {unknown}
Scrolls
 e - a scroll of enchant weapon {unknown}
 i - 2 scrolls of identify {unknown}
 k - a scroll of blinking {unknown}
 l - a scroll of amnesia {unknown}
Potions
 f - a potion of invisibility {unknown}
 g - a potion of lignification {unknown}
 n - 2 potions of curing {unknown}
Books
 c - a book of Changes

   Spells                             Type                      Level
   a - Beastly Appendage              Transmutation                1
   b - Sticks to Snakes               Transmutation                2
   c - Spider Form                    Transmutation/Poison         3
   d - Ice Form                       Ice/Transmutation            4
   e - Blade Hands                    Transmutation                5
Comestibles
 d - 4 bread rations
 h - 5 fruits
 m - a beef jerky


   Skills:
 + Level 1.3 Fighting
 + Level 2.0 Dodging
 + Level 3.1 Unarmed Combat
 + Level 2.0 Spellcasting
 + Level 2.1 Transmutations


You had 5 spell levels left.
You knew the following spells:

 Your Spells              Type           Power        Failure   Level  Hunger
a - Beastly Appendage     Tmut           ##....       10%         1    #......


Dungeon Overview and Level Annotations

Branches:
Dungeon (2/15)


Innate Abilities, Weirdness & Mutations

You have an increased reservoir of magic. (+10% MP)


Message History

You are too injured to fight recklessly!
You are too injured to fight recklessly!
You are too injured to fight recklessly!
You are too injured to fight recklessly!
You are too injured to fight recklessly!
You are too injured to fight recklessly!
You are too injured to fight recklessly!
You are too injured to fight recklessly!
You are too injured to fight recklessly!
You are too injured to fight recklessly!
Unknown command.
You hit the adder but do no damage.
* * * LOW HITPOINT WARNING * * *
You feel sick. The adder misses you. The adder closely misses you.
You barely miss the adder.
* * * LOW HITPOINT WARNING * * *
You feel sick. The adder closely misses you. The adder completely misses you.
You hit the adder but do no damage. You punch the adder, but do no damage.
The adder bites you.
You die...

.#..........##.#.#.#.##
§§.[########...........#
#§######## ####†.†....#.
#.......# #.........#
#......># ##...>...#.
##.......# #..........
.........# ##.......#.
#....SS.# #..........
#.@# ##.#.#.#.## #..#
#.######. #..## #.## ...
####...#####.(###.####
...........##.......#..
#######..#............#
#.............(##
##..#............
#....#.......###


You could see 2 adders.

Vanquished Creatures
  2 dart slugs
  2 leopard geckos
  2 giant cockroaches
  5 goblins
  2 hobgoblins (D:1)
  2 kobolds
  6 bats
  3 frilled lizards
  3 rats
27 creatures vanquished.

Notes
Turn   | Place    | Note
-------+----------+-------------------------------------------
     0 | D:1      | Kahsius the Demigod Transmuter began the quest for the Orb.
     0 | D:1      | Reached XP level 1. HP: 15/15 MP: 5/5
    93 | D:1      | Reached skill level 1 in Fighting
   193 | D:1      | Reached XP level 2. HP: 14/23 MP: 7/7
   820 | D:2      | Reached skill level 3 in Unarmed Combat
  1060 | D:2      | Reached XP level 3. HP: 24/28 MP: 8/8
  1090 | D:2      | HP: 1/28 [poisoned by an adder]
  1091 | D:2      | Slain by an adder

Skill      XL: |  1  2 |
---------------+-------+-----
Fighting       | 1 |  1.3
Spellcasting   | 2 |  2.0
Transmutations | 2 |  2.1
Dodging        | 2 |  2.0
Unarmed Combat | 3 |  3.1

Action                   || total
-------------------------++-------
Melee: Unarmed           ||   111
       Punch             ||     1
 Stab: Sleeping          ||     4
Armor: Robe              ||    27
Dodge: Dodged            ||    89
